 Dungeon Crawl Stone Soup version 0.17-a0-968-gf8e1f1d (webtiles) character file.

77 Hanyuu the Insei (level 4, -2/28 HPs)
             Began as an Octopode Transmuter on May 9, 2015.
             Slain by Grinder (3 damage)
             ... on level 3 of the Dungeon on May 10, 2015.
             The game lasted 00:05:29 (2054 turns).

Hanyuu the Insei (Octopode Transmuter)              Turns: 2054, Time: 00:05:31

Health: -2/28      AC:  1    Str:  9    XL:     4   Next: 33%
Magic:  5/7        EV: 14    Int: 16    God:
Gold:   72         SH:  0    Dex: 12    Spells: 3 memorised, 1 level left

rFire  . . .     SeeInvis .       - Unarmed
rCold  . . .     Clarity  .     (no shield)
rNeg   . . .     SustAb   .     (helmet restricted)
rPois  .         Gourm    .     (no amulet)
rElec  .         Spirit   .     h - ring of wizardry
rCorr  .         Warding  .     m - +2 ring of evasion
rMut   .         Stasis   .     (no ring)
MR     .....                    (no ring)
Stlth  ++........               (no ring)
                                (no ring)
                                (no ring)
                                (no ring)

@: not resistant to hostile enchantments, unstealthy
A: almost no armour, amphibious, 8 rings, constrict 8, camouflage 1, gelatinous
body 1
a: no special abilities


You were on level 3 of the Dungeon.
You were not hungry.

You visited 1 branch of the dungeon, and saw 3 of its levels.

You collected 72 gold pieces.

Inventory:

Missiles
 a - 15 arrows
 g - 25 sling bullets
 r - 15 arrows of frost
Jewellery
 h - a ring of wizardry (left tentacle)
 m - a +2 ring of evasion (right tentacle)
Scrolls
 d - a scroll of noise {unknown}
 e - a scroll of random uselessness {unknown}
 f - 3 scrolls of remove curse {unknown}
 i - a scroll of blinking {unknown}
 l - a scroll of recharging {unknown}
 o - a scroll of magic mapping {unknown}
 s - a scroll of immolation {unknown}
 u - a scroll of enchant armour {unknown}
Potions
 j - a potion of degeneration {unknown}
 n - a potion of heal wounds {unknown}
 q - 2 potions of curing {unknown}
 t - a potion of cancellation {unknown}
Books
 b - a book of Changes

   Spells                             Type                      Level
   a - Beastly Appendage              Transmutation                1
   b - Sticks to Snakes               Transmutation                2
   c - Spider Form                    Transmutation/Poison         3
   d - Ice Form                       Ice/Transmutation            4
   e - Blade Hands                    Transmutation                5
Comestibles
 c - a bread ration
 k - a meat ration
 p - a chunk of flesh


   Skills:
 - Level 1.0 Fighting
 - Level 2.0 Dodging
 * Level 4.7 Unarmed Combat
 - Level 2.0 Spellcasting
 + Level 2.5 Transmutations


You had one spell level left.
You knew the following spells:

 Your Spells              Type           Power        Failure   Level  Hunger
a - Beastly Appendage     Trmt           #.....       4%          1    #......
b - Sticks to Snakes      Trmt           #.........   4%          2    ###....
c - Spider Form           Trmt/Pois      #.........   16%         3    ###....


Dungeon Overview and Level Annotations

Branches:
Dungeon (3/15)

Altars:
Ashenzari
Dithmenos

Annotations:
D:3 Grinder


Innate Abilities, Weirdness & Mutations

You cannot wear most types of armour.
You are amphibious.
You can wear up to eight rings at the same time.
You can use your tentacles to constrict eight enemies at once.
Your skin changes colour to match your surroundings (Stealth).
Your rubbery body absorbs attacks (AC +1).


Message History

You are too injured to fight recklessly!
Casting: Spider Form
Confirm with . or Enter, or press ? or * to list all spells.
Okay, then.
You bite Grinder!
Grinder is moderately wounded.
Grinder misses you.
You bite Grinder!
Grinder is moderately wounded.
Grinder gestures at you.
You shrug off the repeated paralysis!
You hit Grinder.
Grinder is heavily wounded.
You hit Grinder but do no damage.
Grinder is heavily wounded.
Your transformation has ended.
Grinder hits you.
* * * LOW HITPOINT WARNING * * *
You writhe in agony.
You die...

####################
............@5......
#####..############
#..#########
#...........
#..######### #...#
#...#####
..#######...#...
............#.###


You could see Grinder.

Vanquished Creatures
  2 adders (D:2)
  2 oozes (D:1)
  A worm (D:2)
  A ball python (D:1)
  2 giant cockroaches
  3 hobgoblins
  7 jackals (D:2)
  9 bats
  3 giant newts
  5 goblins
  7 kobolds
  9 rats
51 creatures vanquished.

Notes
Turn   | Place    | Note
--------------------------------------------------------------
     0 | D:1      | Hanyuu, the Octopode Transmuter, began the quest for the Orb.
     0 | D:1      | Reached XP level 1. HP: 13/13 MP: 3/3
   241 | D:1      | Reached XP level 2. HP: 6/18 MP: 5/5
   626 | D:1      | Reached skill level 4 in Unarmed Combat
   633 | D:1      | Learned a level 2 spell: Sticks to Snakes
   726 | D:1      | Reached XP level 3. HP: 6/23 MP: 6/6
  1074 | D:1      | Learned a level 3 spell: Spider Form
  1330 | D:2      | Found a shadowy altar of Dithmenos.
  1393 | D:2      | Found a shattered altar of Ashenzari.
  1705 | D:2      | Reached XP level 4. HP: 25/28 MP: 3/7
  2040 | D:3      | Noticed Grinder
  2044 | D:3      | Paralysed by Grinder for 7 turns
  2054 | D:3      | HP: 1/28 [Grinder (6)]
  2054 | D:3      | Slain by Grinder

Action                   |  1- 3 |  4- 6 || total
-------------------------+-------+-------++-------
Melee: Unarmed           |   100 |    18 ||   118
 Cast: Beastly Appendage |     2 |       ||     2
       Spider Form       |     5 |     1 ||     6
 Stab: Sleeping          |     3 |     2 ||     5
  Eat: Chunk             |     3 |     1 ||     4
